 Dungeon Crawl Stone Soup version 0.32-a0-975-g85d4e5bfdb (webtiles) character file.

Game seed: 1369753620678162951

113 Autsider the Sneak (level 4, -1/23 HPs)
             Began as a Vine Stalker Warper on Apr 18, 2024.
             Hit by a boomerang thrown by an orc (4 damage)
             ... on level 3 of the Dungeon.
             The game lasted 00:03:27 (1869 turns).

Autsider the Sneak (Vine Stalker Warper)            Turns: 1869, Time: 00:03:28

Health: -1/23      AC:  4    Str: 13    XL:     4   Next: 96%
Magic:  0/9        EV: 11    Int: 13    God:
Gold:   101        SH:  0    Dex: 16    Spells: 4/8 levels left

rFire   . . .        a - +0 short sword
rCold   . . .        (no shield)
rNeg    . . .        b - +0 leather armour
rPois   .            (no helmet)
rElec   .            (no cloak)
rCorr   .            (no gloves)
SInv    .            l - +0 pair of boots
Will    .....        (no amulet)
Stlth   ++           (no ring)
HPRegen 1.03/turn    (no ring)
MPRegen 0.11/turn

%: guardian spirit
@: no status effects
A: fangs 2, regeneration 1, magic shield, antimagic bite, no potion heal 2
a: no special abilities


You were on level 3 of the Dungeon.
You visited 1 branch of the dungeon, and saw 3 of its levels.

You collected 101 gold pieces.

Inventory:

Hand Weapons
 a - a +0 short sword (weapon)
Missiles
 d - 7 darts of dispersal (quivered)
 e - 2 boomerangs
 p - 7 poisoned darts
Armour
 b - a +0 leather armour (worn)
 l - a +0 pair of boots (worn)
Jewellery
 f - a ring of resist corrosion
 m - a +5 ring of evasion
Wands
 o - a wand of light (9)
Scrolls
 g - a scroll of fog
 i - a scroll of fear {unknown}
 k - a scroll of identify {unknown}
 n - a scroll of teleportation {unknown}
 q - a scroll of immolation {unknown}
Potions
 h - a potion of might {unknown}
 j - 3 potions of mutation {unknown}


   Skills:
 - Level 1.7 Fighting
 - Level 1.7 Short Blades
 - Level 0.8 Throwing
 - Level 0.7 Armour
 - Level 2.0 Dodging
 + Level 4.0 Stealth
 + Level 2.9 Spellcasting
 + Level 3.5 Translocations


You had 4 spell levels left.
You knew the following spells:

 Your Spells              Type           Power      Damage    Failure   Level
a - Lesser Beckoning      Tloc           22%        N/A       11%         2
z - Blink                 Tloc           22%        N/A       11%         2

Your spell library contained the following spells:

 Spells                   Type           Power      Damage    Failure   Level
 Maxwell's Portable Pile  Tloc           11%        2d(6-16)  21%         3
 Teleport Other           Tloc           11%        N/A       21%         3
 Vhi's Electric Charge    Tloc/Air       12%        N/A       80%         4


Dungeon Overview and Level Annotations

Branches:
Dungeon (3/15)

Altars:
Xom


Innate Abilities, Weirdness & Mutations

You have extremely sharp teeth.
Your natural rate of healing is unusually fast.
When hurt, damage is shared between your health and your magic reserves.
Your bite disrupts and absorbs the magic of your enemies.
Potions cannot restore your health.


Message History

You hit the kobold.
The kobold is severely wounded.
A bombardier beetle comes into view.
An orc comes into view. It is wielding a +0 club.
The orc priest casts a cantrip, but nothing happens.
The kobold closely misses you.
You hit the kobold.
You kill the kobold!
You hit the orc. You bite the orc.
You kill the orc!
An orc comes into view. It is wielding a +0 club.
The orc shouts!
The orc hits you with a +1 heavy flail.
Things that are here:
7 gold pieces; a +0 morningstar; an orc corpse You barely miss the orc.
You bite the orc, but do no damage.
An orc comes into view.
It is wielding a +2 hand axe of freezing.
The orc priest begins to cast a cantrip, but forgets the words!
The orc closely misses you. The orc hits you with a +1 heavy flail!
* * * LOW HITPOINT WARNING * * *
The orc priest shouts, "The Pantheon deserves no one's loyalty.
Let us show you the true path!" (press Y on the ability menu to convert to Beogh)
The orc throws a boomerang.
The boomerang closely misses you.
The orc priest calls down the wrath of Beogh upon you.
Beogh smites you!
Ouch! That really hurt!
* * * LOW HITPOINT WARNING * * *
The orc attacks as it pursues you! The orc completely misses you.
What are your orders? t - Shout!
Orders for allies: a - Attack new target. r - Retreat! s - Stop attacking. g - Guard the area. f - Follow me.
Anything else - Cancel.
Okay, then.
Blink to where?
Press: ? - help, Dir - move target
As you read the scroll of blinking, it crumbles to dust.
The orc throws a boomerang.
The boomerang hits you.
You die...

... .### #.# ....
#.### ..... #...#
..... ###<# ......
#.# # ......### #.#
.# ###
........###.##.##...
...........@......###
.............#......#
######...)..........#
.
#..........#......#..
..##.......#........#
# #.......o.......#
#.....o##ยง...##.##
#####...#.o.......
###......=....##


You could see 2 orcs.

Vanquished Creatures
  Jessica (D:2)
  Ijyb (D:3)
  An adder (D:2)
  An orc (D:3)
  7 ball pythons
  2 bats
  3 endoplasms
  2 giant cockroaches (D:1)
  6 goblins
  5 hobgoblins
  5 jackals (D:1)
  2 quokkas
  A frilled lizard (D:2)
  3 kobolds
  7 rats
47 creatures vanquished.

Notes
Turn   | Place    | Note
-------+----------+-------------------------------------------
     0 | D:1      | Autsider the Vine Stalker Warper began the quest for the
                  | Orb.
     0 | D:1      | Reached XP level 1. HP: 11/11 MP: 4/4
   107 | D:1      | Reached skill level 1 in Stealth
   149 | D:1      | Reached XP level 2. HP: 7/15 MP: 1/6
   258 | D:1      | Reached skill level 2 in Stealth
   364 | D:1      | Reached XP level 3. HP: 15/18 MP: 7/7
   410 | D:1      | Learned a level 2 spell: Blink
   413 | D:1      | Learned a level 2 spell: Lesser Beckoning
   572 | D:1      | Reached skill level 3 in Stealth
  1147 | D:2      | Found a faded altar of an unknown god.
  1235 | D:2      | Found a shimmering altar of Xom.
  1400 | D:2      | Noticed Jessica
  1410 | D:2      | Killed Jessica
  1411 | D:2      | Reached XP level 4. HP: 20/23 MP: 6/9
  1744 | D:3      | Noticed Ijyb
  1801 | D:3      | Killed Ijyb
  1802 | D:3      | Reached skill level 4 in Stealth
  1867 | D:3      | HP: 1/23 [orc priest/divine providence (12)]
  1869 | D:3      | Hit by a boomerang thrown by an orc

Illustrated notes

Levels and vault maps discovered:
D:1:      dpeg_arrival_snail, layout_loops_ring
D:2:      layout_loops_ring, basic_altar,
          dreamdust_ecumenical_altar_angels_and_demons, serial_bayou_ford_a,
          uniq_jessica
D:3:      layout_rooms, uniq_ijyb

Skill      XL: |  1  2  3  4 |
---------------+-------------+-----
Stealth        | 1 2 3 4 |  4.0
Dodging        | 2 |  2.0
Fighting       | |  1.7
Short Blades   | |  1.7
Throwing       | |  0.8
Armour         | |  0.7
Spellcasting   | |  2.9
Translocations | |  3.5

Action                     |  1- 3 |  4- 6 || total
---------------------------+-------+-------++-------
  Melee: Short sword       |   157 |    43 ||   200
         Bite              |    24 |    11 ||    35
    Use: Scroll            |       |     2 ||     2
   Stab: Sleeping          |     5 |       ||     5
 Armour: Leather armour    |    90 |    23 ||   113
  Dodge: Dodged            |    73 |    26 ||    99

Table legend: (Time is in decaauts)
 A = Elapsed time spent in this place.
 B = Non-inter-level travel time spent in this place.
 C = Inter-level travel time spent in this place.
 D = Time resting spent in this place.
 E = Time spent auto-exploring this place.
 F = Levels seen in this place.
 G = Mean time per level.
                   A        B        C        D        E       F      G
               +--------+--------+--------+--------+--------+-----+--------+
         Total |   1857 |   1788 |     69 |      0 |   1367 |   3 |  619.0 |
       Dungeon |   1857 |   1788 |     69 |      0 |   1367 |   3 |  619.0 |
               +--------+--------+--------+--------+--------+-----+--------+

Top non-repeatable levels by time:
     D:2: 877 daAuts
     D:1: 862 daAuts
     D:3: 117 daAuts
